 Dungeon Crawl Stone Soup version 0.27-a0-1242-ge70438ac7b (webtiles) character file.

Game seed: 1690062607976220524

71 Ethylacetat the Chiller (level 4, -1/36 HPs)
             Began as a Naga Ice Elementalist on June 9, 2021.
             Was an Initiate of Ashenzari.
             Slain by a water moccasin skeleton (4 damage)
             ... on level 4 of the Dungeon.
             The game lasted 00:08:07 (2493 turns).

Ethylacetat the Chiller (Naga Ice Elementalist)     Turns: 2493, Time: 00:08:07

Health: -1/36      AC:  2    Str: 10    XL:     4   Next: 24%
Magic:  4/8        EV:  9    Int: 17    God:    Ashenzari [......]
Gold:   137        SH:  0    Dex: 11    Spells: 8/9 levels left

rFire    . . .     SeeInvis +   b - +0 dagger
rCold    . . .     Faith    .   (no shield)
rNeg     . . .     Spirit   .   a - +0 robe
rPois    +         Reflect  .   (no helmet)
rElec    .         Harm     .   l - scarf {repulsion}
rCorr    .         Rampage  .   (no gloves)
Will     .....                  (no barding)
Stlth    ++........             (no amulet)
HPRegen  0.12/turn              h - +4 ring of slaying
MPRegen  0.11/turn              (no ring)

@: short of breath, repel missiles, very slow
A: AC +1, large, see invisible, deformed body, poison resistance, slowness 2,
spit poison 1, naga tail 1
a: Spit Poison, Renounce Religion, Curse Item


You were on level 4 of the Dungeon.
You worshipped Ashenzari.
Ashenzari was noncommittal.
You visited 1 branch of the dungeon, and saw 4 of its levels.

You collected 137 gold pieces.

Inventory:

Hand Weapons
 b - a +0 dagger (weapon)
Armour
 a - a +0 robe (worn)
 l - a scarf of repulsion (worn)
Jewellery
 h - a +4 ring of slaying (left hand)
Scrolls
 d - a scroll of fog
 g - a scroll of enchant weapon
 j - 2 scrolls of fear
 k - a scroll of amnesia
Potions
 c - a potion of curing
 e - a potion of brilliance
 f - a potion of berserk rage
 i - 2 potions of resistance
 m - a potion of flight


   Skills:
 - Level 1.6 Dodging
 - Level 3.0 Stealth
 + Level 3.1 Spellcasting
 + Level 4.8 Ice Magic


You had 8 spell levels left.
You knew the following spells:

 Your Spells              Type           Power      Damage    Failure   Level
a - Freeze                Ice            76%        1d9       2%          1

Your spell library contained the following spells:

 Spells                   Type           Power      Damage    Failure   Level
 Frozen Ramparts          Ice            38%        1d5       7%          3
 Ozocubu's Armour         Ice            19%        N/A       7%          3
 Corona                   Hex            2%         N/A       17%         1
 Slow                     Hex            2%         N/A       26%         2
 Inner Flame              Hex/Fire       2%         N/A       45%         3
 Portal Projectile        Hex/Tloc       4%         N/A       45%         3
 Hailstorm                Conj/Ice       10%        3d5       54%         4
 Cause Fear               Hex            1%         N/A       86%         4
 Leda's Liquefaction      Hex/Erth       1%         N/A       86%         4
 Metabolic Englaciation   Hex/Ice        5%         N/A       87%         5


Dungeon Overview and Level Annotations

Branches:
Dungeon (4/15)
 Temple: D:4-7

Altars:
Ashenzari
Elyvilon


Innate Abilities, Weirdness & Mutations

Your serpentine skin is tough. (AC +1)
You have supernaturally acute eyesight. (SInv)
Armour fits poorly on your strangely shaped body.
Your system is resistant to poisons. (rPois)
You cover ground very slowly.
You can spit poison.
You have a snake-like lower body.


Message History

You freeze the water moccasin skeleton.
The water moccasin skeleton resists.
The water moccasin skeleton is lightly damaged.
You have got your breath back.
The water moccasin skeleton bites you. The quokka closely misses you.
Unknown command.
Casting: Freeze (safe; 2% risk of failure)
Confirm with . or Enter, or press ? or * to list all spells.
Aiming: Freeze (safe; 2% risk of failure)
Press: ? - help, Shift-Dir - straight line, f - quokka, p - water moccasin skeleton
Aim: a quokka You freeze the quokka!
You kill the quokka!
The water moccasin skeleton misses you.
Casting: Freeze (safe; 2% risk of failure)
Confirm with . or Enter, or press ? or * to list all spells.
Aiming: Freeze (safe; 2% risk of failure)
Press: ? - help, Shift-Dir - straight line, f - water moccasin skeleton
Aim: a water moccasin skeleton (lightly damaged)
You freeze the water moccasin skeleton.
The water moccasin skeleton resists.
The water moccasin skeleton is lightly damaged.
The water moccasin skeleton bites you.
Casting: Freeze (safe; 2% risk of failure)
Confirm with . or Enter, or press ? or * to list all spells.
Aiming: Freeze (safe; 2% risk of failure)
Press: ? - help, Shift-Dir - straight line, f/p - water moccasin skeleton
Aim: a water moccasin skeleton (lightly damaged)
You freeze the water moccasin skeleton.
The water moccasin skeleton resists.
The water moccasin skeleton is lightly damaged.
The water moccasin skeleton bites you!
* * * LOW HITPOINT WARNING * * *
Unknown command.
Press: ? - help, Shift-Dir - straight line, f/p - water moccasin skeleton
Aim: a water moccasin skeleton (lightly damaged)
The splash of poison hits the water moccasin skeleton.
The water moccasin skeleton completely resists.
The water moccasin skeleton is lightly damaged.
The water moccasin skeleton bites you.
* * * LOW HITPOINT WARNING * * *
The water moccasin skeleton bites you.
You die...

#.#.....#.#
#.###...#.#########
#..................
###..#######.########
#.........##.####
#.#..#....##....#
#......(....###.########
###..##.#........(..?...
#>.......#####@#######
#######.## #Z†# ..#
$...# #### #....#
#.....# #....## #....
#..##


You could see a water moccasin skeleton.

Vanquished Creatures
  2 adders
  A shadow imp (D:3)
  2 dart slugs
  An orc (D:3)
  5 endoplasms
  A giant cockroach (D:1)
  2 goblins
  6 hobgoblins
  2 jackals (D:1)
  2 quokkas
  4 ball pythons
  4 bats
  A frilled lizard (D:2)
  3 kobolds
  A rat (D:1)
37 creatures vanquished.

Notes
Turn   | Place    | Note
-------+----------+-------------------------------------------
     0 | D:1      | Ethylacetat the Naga Ice Elementalist began the quest for
                  | the Orb.
     0 | D:1      | Reached XP level 1. HP: 15/15 MP: 3/3
   240 | D:1      | Reached XP level 2. HP: 22/22 MP: 5/5
   395 | D:1      | Found a faded altar of an unknown god.
   403 | D:1      | Became a worshipper of Ashenzari the Shackled
   748 | D:2      | Reached XP level 3. HP: 25/28 MP: 2/7
  1368 | D:3      | Found a white marble altar of Elyvilon.
  1448 | D:3      | HP: 1/28 [shadow imp/nerve-wracking pain (10)]
  2309 | D:3      | Reached XP level 4. HP: 31/36 MP: 8/8
  2493 | D:4      | Slain by a water moccasin skeleton

Illustrated notes

Levels and vault maps discovered:
D:1:      minmay_arrival_open_corners, layout_loops_ring,
          ebering_ecumenical_altar_abandoned
D:2:      layout_rooms
D:3:      layout_basic, old_standard_altar
D:4:      minmay_opposing_rooms, layout_basic, nemelex_spade_bored_becter,
          serial_shops, shop

Skill      XL: |  1  2  3 |
---------------+----------+-----
Spellcasting   | 3 |  3.1
Dodging        | |  1.6
Stealth        | |  3.0
Ice Magic      | |  4.8

Action                   |  1- 3 |  4- 6 || total
-------------------------+-------+-------++-------
Melee: Dagger            |    30 |     2 ||    32
 Cast: Freeze            |    25 |     4 ||    29
 Abil: Spit Poison       |    30 |     4 ||    34
 Stab: Sleeping          |     1 |       ||     1
Armor: Robe              |     7 |       ||     7
Dodge: Dodged            |    22 |     5 ||    27

Table legend: (Time is in decaauts)
 A = Elapsed time spent in this place.
 B = Non-inter-level travel time spent in this place.
 C = Inter-level travel time spent in this place.
 D = Time resting spent in this place.
 E = Time spent auto-exploring this place.
 F = Levels seen in this place.
 G = Mean time per level.
                   A        B        C        D        E       F      G
               +--------+--------+--------+--------+--------+-----+--------+
         Total |   3115 |   3038 |     77 |     64 |   2667 |   4 |  778.8 |
       Dungeon |   3115 |   3038 |     77 |     64 |   2667 |   4 |  778.8 |
               +--------+--------+--------+--------+--------+-----+--------+

Top non-repeatable levels by time:
     D:3: 1499 daAuts
     D:1: 936 daAuts
     D:2: 558 daAuts
     D:4: 121 daAuts
